 Dungeon Crawl Stone Soup version 0.29.1-1-gd02db6906a (webtiles) character file.

Game seed: 9316231967475897972

15082 gzilladon the Severer (level 12, -5/105 HPs)
             Began as a Hill Orc Monk on Sept 26, 2022.
             Was a High Priest of Beogh.
             Slain by a death knight
             ... wielding a +1 broad axe of flaming
              (9 damage)
             ... on level 14 of the Dungeon on Sept 27, 2022.
             The game lasted 00:58:56 (12705 turns).

gzilladon the Severer (Hill Orc Monk)              Turns: 12705, Time: 00:58:56

Health: -5/105     AC: 15    Str: 25    XL:     12   Next: 23%
Magic:  19/19      EV: 13    Int: 10    God:    Beogh [*****.]
Gold:   134        SH:  0    Dex: 15    Spells: 11/11 levels left

rFire   . . .      SeeInvis .   B - +3 war axe of Ymut Sin {venom, *Rage rN+ Will+ rCorr}
rCold   + + .      Faith    +   (no shield)
rNeg    + . .      Spirit   .   r - +3 ring mail {rC+}
rPois   .          Reflect  .   g - +0 helmet
rElec   .          Harm     .   (no cloak)
rCorr   +          Rampage  .   a - +0 pair of gloves
Will    +....      Rage     20% l - +1 pair of boots of Ifobesis {rC+ Dex+2}
Stlth   +.........              w - amulet of faith
HPRegen 0.27/turn               y - ring of flight
MPRegen 0.16/turn               Y - +6 ring of strength

@: flying, slowed, very slow
A: walk on water
a: Renounce Religion, Smiting, Recall Orcish Followers, Give Item to Named
Follower


You were on level 14 of the Dungeon.
You worshipped Beogh.
Beogh was extremely pleased with you.
You visited 1 branch of the dungeon, and saw 14 of its levels.

You collected 734 gold pieces.
You spent 600 gold pieces at shops.

Inventory:

Hand Weapons
 t - a +0 hand axe of freezing
 B - the +3 war axe of Ymut Sin (weapon) {venom, *Rage rN+ Will+ rCorr}
   (You found it on level 4 of the Dungeon)

   It poisons the flesh of those it strikes.
   rN:        It protects you from negative energy.
   *Rage:     It berserks you when you make melee attacks (+20% chance).
   rCorr:     It protects you from acid and corrosion.
   Will:      It increases your willpower.
 S - a +2 hand axe of freezing
Missiles
 d - 125 stones
 k - 28 poisoned darts (quivered)
 N - a boomerang
 W - a curare-tipped dart
Armour
 a - a +0 pair of gloves (worn)
 b - a +0 robe
 f - a +0 scale mail
 g - a +0 helmet (worn)
 l - the +1 pair of boots of Ifobesis (worn) {rC+ Dex+2}
   (You found it on level 2 of the Dungeon)

   Dex:       It affects your dexterity (+2).
   rC:        It protects you from cold.
 m - a +0 kite shield
 r - a +3 ring mail of cold resistance (worn)
 E - a +0 plate armour
 Q - a +0 helmet
 V - +0 steam dragon scales
Magical Staves
 G - a staff of earth
Jewellery
 w - an amulet of faith (around neck)
 y - a ring of flight (left hand)
 T - a ring of magical power
 X - a ring of positive energy
 Y - a +6 ring of strength (right hand)
Wands
 u - a wand of light (12)
 A - a wand of digging (14)
 C - a wand of flame (26)
 K - a wand of polymorph (7)
 P - a wand of mindburst (19)
 Z - a wand of charming (5)
Scrolls
 e - 6 scrolls of noise {unknown}
 n - 2 scrolls of poison {unknown}
 o - 2 scrolls of enchant armour {unknown}
 p - 5 scrolls of teleportation
 v - a scroll of torment {unknown}
 x - a scroll of blinking {unknown}
 D - a scroll of brand weapon {unknown}
 H - a scroll of enchant weapon {unknown}
 I - 5 scrolls of fear {unknown}
 L - 3 scrolls of immolation {unknown}
 O - 7 scrolls of identify {unknown}
 U - 3 scrolls of amnesia {unknown}
Potions
 c - a potion of ambrosia
 h - a potion of heal wounds {unknown}
 i - 4 potions of degeneration {unknown}
 j - 6 potions of haste
 q - a potion of flight {unknown}
 s - 7 potions of curing {unknown}
 z - 2 potions of berserk rage {unknown}
 F - 2 potions of mutation {unknown}
 J - a potion of brilliance {unknown}
 M - a potion of invisibility {unknown}
 R - 2 potions of magic {unknown}


   Skills:
 + Level 9.6 Fighting
 + Level 16.7 Axes
 * Level 10.2 Armour
 + Level 4.9 Dodging
 - Level 1.5 Stealth
 + Level 1.1 Shields
 * Level 9.5 Invocations


You had 11 spell levels left.
You didn't know any spells.
Your spell library contained the following spells:

 Spells                   Type           Power      Damage    Failure   Level
 Necrotise                Necr           0%         1d4       47%         1
 Ensorcelled Hibernation  Hex/Ice        0%         N/A       63%         2
 Scorch                   Fire           0%         2d5       63%         2
 Sublimation of Blood     Necr           0%         N/A       63%         2
 Wereblood                Tmut           0%         N/A       63%         2
 Spider Form              Tmut/Pois      0%         N/A       85%         3
 Vampiric Draining        Necr           0%         2d6       85%         3
 Anguish                  Hex/Necr       0%         N/A       99%         4
 Flame Wave               Conj/Fire      0%         2d4       99%         4
 Petrify                  Tmut/Erth      0%         N/A       99%         4
 Agony                    Necr           0%         N/A       100%        5
 Metabolic Englaciation   Hex/Ice        0%         N/A       100%        5
 Statue Form              Tmut/Erth      0%         N/A       100%        6
 Summon Cactus Giant      Summ           0%         N/A       100%        6
 Summon Hydra             Summ           0%         N/A       100%        7


Dungeon Overview and Level Annotations

Branches:
Dungeon (14/15)            Temple (0/1) D:5            Lair (0/5) D:8
    Orc (0/2) D:11
 Vaults: D:13-14

Altars:
Cheibriados
Elyvilon
Fedhas
Qazlal
Sif Muna
Trog
Wu Jian

Shops:
D:4 [   D:11 *   D:12 =

Annotations:
D:5 2 runed translucent doors, Rudyous's ghost, novice MiFi


Message History

Your orc knight hits the skeletal warrior with a +0 short sword!!
The skeletal warrior hits Nordag with a +0 dire flail!!
The death knight invokes the aid of Yredelemnul against you.
Milork convulses!
Nordag hits the skeletal warrior with a +0 short sword.
Milork unwields a +0 arbalest.
Milork closely misses the death knight.
Your orc knight hits the skeletal warrior with a +0 short sword!
The skeletal warrior hits Nordag with a +0 dire flail!!
The death knight hits Milork with a +1 broad axe of flaming!!
The death knight burns Milork!
The death knight closely misses your orc knight.
The death knight hits Nordag with a +1 broad axe of flaming!!
The death knight burns Nordag.
Nordag hits the skeletal warrior with a +0 short sword.
Milork roars a battlecry!
Nordag goes into a battle-frenzy!
Your orc knight hits the skeletal warrior with a +0 short sword!!
The skeletal warrior is destroyed!
Beogh accepts your kill.
The death knight hits Milork with a +1 broad axe of flaming!!
The death knight burns Milork.
Milork dies!
The death knight hits your orc knight with a +1 broad axe of flaming!
The death knight burns your orc knight.
The death knight hits Nordag with a +1 broad axe of flaming!
The death knight burns Nordag.
Nordag dies!
Unknown command.
Welcome back, gzilladon the Hill Orc Monk.
Beogh says: Drown the unbelievers in a sea of blood!
Press ? for a list of commands and other information.
Your orc knight hits the death knight with a +0 short sword.
Your orc knight suffers a backlash!
Your orc knight hits the freezing wraith with a +0 short sword.
Your orc knight hits the freezing wraith with a +0 short sword!!
The death knight hits you with a +1 broad axe of flaming!!
* * * LOW HITPOINT WARNING * * *
The death knight burns you!
You die...

### ############# ..#
#....†......#
###.###†#########.#
......††#########.######
..#####.###@.....>..........
>......oW[p.#########....†..
#.#####?W#### #.#####. ##.#
#.# #. #W# #.# #. ... #.# #<
..## #.#####. #..# ..#.o...
#..# ..#.####


You could see a death knight (reflects damage, ally target), 2 freezing wraiths
and a friendly orc knight (strong).

Vanquished Creatures
  A boulder beetle (D:12)
  A two-headed ogre (D:11)
  Pikel (D:9)
  5 ugly things
  2 gargoyles
  A kobold demonologist (D:12)
  2 unseen horrors
  An efreet (D:13)
  A troll (D:10)
  2 vampires
  A basilisk (D:14)
  2 wraiths
  11 yaks
  Eustachio (D:4)
  4 vampire mosquitoes
  Menkaure (D:5)
  An acid dragon (D:9)
  Duvessa (D:6)
  A water moccasin (D:7)
  5 orc warriors
  A sky beast (D:7)
  A black bear (D:7)
  4 ogres
  2 centaurs
  A phantom (D:6)
  A bullfrog (D:7)
  2 kobold brigands (D:9)
  A gnoll sergeant (D:10)
  3 wights (D:7)
  10 killer bees
  Dowan (D:6)
  4 orc priests
  2 jellies
  A hound (D:7)
  A gnoll bouda (D:8)
  2 iguanas
  11 orc wizards
  10 gnolls
  9 adders
  A shadow imp (D:7)
  A white imp (D:8)
  A worm (D:2)
  A dart slug (D:3)
  25 orcs
  13 endoplasms
  3 giant cockroaches
  8 goblins
  6 hobgoblins
  4 jackals (D:1)
  26 kobolds
  4 quokkas
  4 ball pythons
  6 bats
  4 frilled lizards
  A rat (D:2)
220 creatures vanquished.

Vanquished Creatures (collateral kills)
  Snorg (D:12)
  2 boulder beetles
  Lodul (D:13)
  A skeletal warrior (D:14)
  2 cyclopes (D:13)
  Maggie (D:9)
  A gargoyle (D:13)
  2 unseen horrors
  3 trolls
  A wraith (D:10)
  3 yaks (D:10)
  5 vampire mosquitoes
  6 ogres (D:13)
  A centaur (D:13)
  2 lemures (D:9)
  A wight (D:8)
  A killer bee (D:9)
  A howler monkey (D:13)
  An iguana (D:7)
  2 orc wizards
  2 gnolls
  2 orcs
  A goblin (D:8)
  2 hobgoblins (D:8)
45 creatures vanquished.

Vanquished Creatures (others)
  2 orc knights (D:14)
  An orc warrior (D:13)
  2 orc priests
  4 orc wizards
  11 orcs
  9 plants (D:8)
29 creatures vanquished.

Grand Total: 294 creatures vanquished

Notes
Turn   | Place    | Note
-------+----------+-------------------------------------------
     0 | D:1      | gzilladon the Hill Orc Monk began the quest for the Orb.
     0 | D:1      | Reached XP level 1. HP: 19/19 MP: 1/1
    38 | D:1      | Found a faded altar of an unknown god.
    54 | D:1      | Reached XP level 2. HP: 5/27 MP: 2/2
   705 | D:1      | Reached XP level 3. HP: 33/33 MP: 3/3
   730 | D:1      | Reached skill level 5 in Axes
  1452 | D:2      | Identified the +1 pair of boots of Ifobesis {rC+ Dex+2}
  1606 | D:2      | Reached skill level 1 in Armour
  1646 | D:2      | Reached XP level 4. HP: 32/40 MP: 4/4
  2326 | D:3      | Found a stormy altar of Qazlal.
  2438 | D:3      | Found an ornate altar of the Wu Jian Council.
  2489 | D:3      | Found a snail-covered altar of Cheibriados.
  3590 | D:4      | Found a shimmering blue altar of Sif Muna.
  3768 | D:4      | Reached XP level 5. HP: 46/46 MP: 5/5
  3786 | D:4      | Identified the +3 war axe of Ymut Sin {venom, *Rage rN+
                  | Will+ rCorr}
  3978 | D:4      | Noticed Eustachio
  3986 | D:4      | Reached skill level 6 in Axes
  4004 | D:4      | Killed Eustachio
  4005 | D:4      | Reached skill level 7 in Axes
  4005 | D:4      | Reached skill level 1 in Shields
  4005 | D:4      | Reached XP level 6. HP: 47/53 MP: 6/6
  4016 | D:4      | Found Lodbrok's Dragon-Slaying Spoils.
  4085 | D:4      | Became a worshipper of Beogh the Brigand
  4085 | D:4      | Reached * piety under Beogh
  4085 | D:4      | Reached ** piety under Beogh
  4104 | D:4      | Noticed an orc warrior
  4113 | D:4      | Killed an orc warrior
  4116 | D:4      | Reached skill level 8 in Axes
  4563 | D:5      | Entered Level 5 of the Dungeon
  4609 | D:5      | Reached XP level 7. HP: 60/60 MP: 7/7
  4845 | D:5      | Found a runed translucent door.
  4845 | D:5      | Noticed Rudyous's ghost (novice MiFi)
  4881 | D:5      | Found a runed translucent door.
  4995 | D:5      | Found a staircase to the Ecumenical Temple.
  5026 | D:5      | Reached skill level 9 in Axes
  5026 | D:5      | Reached skill level 1 in Invocations
  5101 | D:5      | Noticed Menkaure
  5107 | D:5      | Killed Menkaure
  5108 | D:5      | Reached skill level 5 in Fighting
  5303 | D:6      | Noticed Dowan
  5307 | D:6      | Noticed Duvessa
  5316 | D:6      | Killed Dowan
  5317 | D:6      | Killed Duvessa
  5318 | D:6      | Reached skill level 10 in Axes
  5318 | D:6      | Reached XP level 8. HP: 51/68 MP: 9/9
  5565 | D:6      | Found a bloodstained altar of Trog.
  5819 | D:7      | Reached *** piety under Beogh
  5820 | D:7      | Reached skill level 11 in Axes
  6136 | D:7      | Reached XP level 9. HP: 75/75 MP: 12/12
  6141 | D:7      | Reached skill level 12 in Axes
  6887 | D:7      | Found a blossoming altar of Fedhas.
  6887 | D:7      | Found a white marble altar of Elyvilon.
  7060 | D:8      | Found a staircase to the Lair.
  7060 | D:8      | Noticed a komodo dragon
  7061 | D:8      | Noticed a two-headed ogre
  7293 | D:9      | Gained Bogbrand as an ally
  7294 | D:9      | Reached skill level 13 in Axes
  7295 | D:9      | Reached skill level 5 in Invocations
  7295 | D:9      | Reached **** piety under Beogh
  7296 | D:9      | Reached skill level 5 in Armour
  7298 | D:9      | Your ally Bogbrand died
  7497 | D:9      | Reached skill level 14 in Axes
  7497 | D:9      | Reached XP level 10. HP: 84/84 MP: 14/14
  7528 | D:9      | Noticed Pikel
  7539 | D:9      | Killed Pikel
  7776 | D:9      | Noticed Maggie
  7785 | D:9      | Killed Maggie
  7990 | D:10     | Entered Level 10 of the Dungeon
  8642 | D:10     | Killed an unseen horror
  8643 | D:10     | Reached skill level 15 in Axes
  8767 | D:10     | Gained Milork as an ally
  9319 | D:11     | Found a staircase to the Orcish Mines.
  9319 | D:11     | Noticed a boulder beetle
  9333 | D:11     | Noticed a two-headed ogre
  9334 | D:11     | Killed a boulder beetle
  9335 | D:11     | Reached XP level 11. HP: 79/94 MP: 16/16
  9337 | D:11     | Killed a two-headed ogre
  9370 | D:11     | Identified the +7 scimitar "Gojil" {freeze, Will++ Stlth+}
  9563 | D:11     | Reached ***** piety under Beogh
  9743 | D:11     | Found Jouqeim's Island Escapes.
  9944 | D:12     | Noticed a cyan ugly thing
  9952 | D:12     | Killed a cyan ugly thing
 10474 | D:12     | Noticed a boulder beetle
 10492 | D:12     | Killed a boulder beetle
 10617 | D:12     | Found Uczos's Jewellery Shop.
 10679 | D:12     | Reached skill level 16 in Axes
 10837 | D:12     | Bought an amulet of faith for 600 gold pieces
 10871 | D:12     | Noticed Snorg
 10879 | D:12     | Killed Snorg
 11587 | D:13     | Noticed a boulder beetle
 11595 | D:13     | Noticed a cyclops
 11597 | D:13     | Killed a boulder beetle
 11599 | D:13     | Killed a cyclops
 11625 | D:13     | Noticed a cyclops
 11640 | D:13     | Killed a cyclops
 11666 | D:13     | Gained Nordag as an ally
 12064 | D:13     | Noticed Lodul
 12078 | D:13     | Killed Lodul
 12079 | D:13     | Reached XP level 12. HP: 23/104 MP: 18/18
 12691 | D:14     | Reached skill level 10 in Armour
 12696 | D:14     | Noticed a death knight
 12703 | D:14     | Your ally Milork died
 12703 | D:14     | Your ally Nordag died
 12705 | D:14     | HP: 4/105 [death knight/+1 broad axe of flaming (20)]
 12705 | D:14     | Slain by a death knight

Illustrated notes

Levels and vault maps discovered:
D:1:      matt_arrival_spirals, layout_basic,
          hellmonk_ecumenical_altar_dog_temple
D:2:      layout_loops_ring
D:3:      layout_basic, mainiacjoe_overflow_paths, mainiacjoe_overflow_chevrons,
          kennysheep_slug_shrine, minivault_25, moated_statue
D:4:      layout_basic, led_sif_book, nicolae_shop_dragon_depot,
          guppyfry_early_orc_mine, uniq_eustachio
D:5:      layout_rooms, minmay_temple_entry_from_below_a, ebering_ghost_sewer_f,
          uniq_menkaure
D:6:      layout_rooms, kennysheep_mini_moat, uniq_duvessa
D:7:      layout_basic, grunt_temple_overflow_open, minmay_misc_feat_pillars
D:8:      layout_loops_cross, david_lair_shrubbed, enter_bailey_4,
          minmay_fractal_squares_5
D:9:      layout_rooms, uniq_maggie, uniq_pikel
D:10:     layout_basic
D:11:     layout_rooms, david_orc_3, nicolae_island_escapes
D:12:     layout_basic, serial_shops, nicolae_shop_trees, uniq_snorg
D:13:     lemuel_ogre_cave, layout_cave_pools, minivault_21, uniq_lodul
D:14:     layout_loops_ring, david_vaults_5

Skill      XL: |  1  2  3  4  5  6  7  8  9 10 11 12 |
---------------+-------------------------------------+-----
Fighting       | 4 5 6 8 9 |  9.6
Axes           | 5 7 8 10 11 14 15 16 | 16.7
Armour         | 1 2 3 4 5 7 9 10 | 10.2
Shields        | 1 |  1.1
Invocations    | 2 4 5 7 9 |  9.5
Dodging        | 3 4 |  4.9
Stealth        | |  1.5

Action                   |  1- 3 |  4- 6 |  7- 9 | 10-12 || total
-------------------------+-------+-------+-------+-------++-------
Melee: Hand axe          |   130 |    72 |       |       ||   202
       War axe           |       |    48 |   160 |   187 ||   395
       Punch             |       |       |     3 |     5 ||     8
Invok: Convert to Beogh  |       |     1 |       |       ||     1
  Use: Scroll            |       |       |     1 |       ||     1
 Stab: Sleeping          |       |       |     1 |       ||     1
       Distracted        |       |       |       |     2 ||     2
       Confused          |       |       |       |     3 ||     3
Armor: Robe              |     6 |       |       |       ||     6
       Scale mail        |    57 |     3 |       |       ||    60
       Ring mail         |       |    50 |    79 |   113 ||   242
Dodge: Dodged            |    83 |    66 |    99 |   104 ||   352
Block: Kite shield       |    11 |    28 |       |       ||    39
